 Dungeon Crawl Stone Soup version 0.27-a0-1202-ge72e49191c (webtiles) character file.

Game seed: 15022688534148099326

536 freelancePsychic the Magician (level 7, -8/56 HPs)
             Began as a Gnoll Wanderer on June 4, 2021.
             Mangled by a gnoll sergeant
             ... wielding a +0 spear of pain
              (14 damage)
             ... on level 5 of the Dungeon.
             The game lasted 00:09:23 (5936 turns).

freelancePsychic the Magician (Gnoll Wanderer)      Turns: 5936, Time: 00:09:24

Health: -8/56      AC:  2    Str: 10    XL:     7   Next: 25%
Magic:  15/15      EV: 13    Int: 15    God:
Gold:   187        SH:  0    Dex: 11    Spells: 13/17 levels left

rFire    . . .     SeeInvis .   b - +0 broad axe
rCold    . . .     Faith    .   (no shield)
rNeg     . . .     Spirit   .   d - +0 robe
rPois    .         Reflect  .   (no helmet)
rElec    .         Harm     .   (no cloak)
rCorr    .         Rampage  .   (no gloves)
Will     .....                  (no boots)
Stlth    ++........             (no amulet)
HPRegen  0.18/turn              (no ring)
MPRegen  0.14/turn              (no ring)

@: no status effects
A: fangs 1, strong nose, distributed training
a: no special abilities


You were on level 5 of the Dungeon.
You visited 2 branches of the dungeon, and saw 6 of its levels.

You collected 187 gold pieces.

Inventory:

Hand Weapons
 a - a +0 dagger
 b - a +0 broad axe (weapon)
Armour
 d - a +0 robe (worn)
 i - a +0 buckler
Jewellery
 m - a ring of protection from fire
Wands
 l - a wand of iceblast (10)
Scrolls
 h - 4 scrolls of teleportation {@r4}
 k - a scroll of enchant weapon
 n - 2 scrolls of identify {@r1}
 o - a scroll of amnesia
 q - a scroll of brand weapon {unknown}
Potions
 c - a potion of curing {@q1}
 e - 2 potions of attraction {unknown}
 f - 2 potions of magic {unknown}
 g - a potion of brilliance {unknown}
 j - 2 potions of haste {unknown}
 r - 3 potions of flight {unknown}


   Skills:
 + Level 5.2 Fighting
 + Level 2.3 Short Blades
 + Level 2.3 Long Blades
 + Level 2.3 Axes
 + Level 2.3 Maces & Flails
 + Level 3.5 Polearms
 + Level 2.3 Staves
 + Level 2.3 Slings
 + Level 2.3 Bows
 + Level 2.3 Crossbows
 + Level 2.3 Throwing
 + Level 2.3 Armour
 + Level 5.2 Dodging
 + Level 2.3 Stealth
 + Level 3.5 Shields
 + Level 2.3 Unarmed Combat
 + Level 5.5 Spellcasting
 + Level 1.9 Conjurations
 + Level 1.9 Hexes
 + Level 1.9 Summonings
 + Level 1.9 Necromancy
 + Level 1.9 Translocations
 + Level 1.9 Transmutations
 + Level 1.9 Fire Magic
 + Level 2.9 Ice Magic
 + Level 1.9 Air Magic
 + Level 1.9 Earth Magic
 + Level 1.9 Poison Magic
 + Level 2.6 Invocations
 + Level 3.5 Evocations


You had 13 spell levels left.
You knew the following spells:

 Your Spells              Type           Power      Damage    Failure   Level
a - Freeze                Ice            52%        1d7       4%          1
b - Frozen Ramparts       Ice            26%        1d4       14%         3

Your spell library contained the following spells:

 Spells                   Type           Power      Damage    Failure   Level
 Animate Skeleton         Necr           20%        N/A       7%          1
 Corona                   Hex            11%        N/A       7%          1
 Pain                     Necr           40%        1d6       7%          1
 Ensorcelled Hibernation  Hex/Ice        22%        N/A       9%          2
 Ozocubu's Armour         Ice            13%        N/A       14%         3
 Confusing Touch          Hex            10%        N/A       21%         3
 Dazzling Flash           Conj/Hex       20%        N/A       21%         3
 Tukima's Dance           Hex            10%        N/A       21%         3
 Vampiric Draining        Necr           5%         2d6       21%         3
 Hailstorm                Conj/Ice       11%        3d5       50%         4
 Animate Dead             Necr           5%         N/A       56%         4
 Metabolic Englaciation   Hex/Ice        5%         N/A       83%         5
 Agony                    Necr           10%        N/A       88%         5


Dungeon Overview and Level Annotations

Branches:
Dungeon (5/15)             Temple (1/1) D:4

Altars:
Ashenzari
Dithmenos
Fedhas
Hepliaklqana
Kikubaaqudgha
Makhleb
Nemelex Xobeh
Okawaru
Qazlal
Ru
Trog
Uskayaw
Vehumet
Wu Jian
Xom
Yredelemnul
Zin
The Shining One

Shops:
D:1 *


Innate Abilities, Weirdness & Mutations

You have very sharp teeth.
Your uncanny sense of smell can sniff out nearby items.
Your experience applies equally to all skills.


Message History

The phantom hits you!
* * * LOW HITPOINT WARNING * * *
Your water moccasin skeleton bites the phantom.
The phantom barely misses you.
Your water moccasin skeleton barely misses the phantom.
You hit the phantom.
The phantom is severely damaged.
Your water moccasin skeleton bites the phantom.
Your white imp gestures at the phantom.
The puff of frost hits the phantom.
The phantom resists.
The phantom hits your white imp.
The phantom blinks!
Your white imp blinks!
The phantom hits your white imp.
The phantom blinks!
Your white imp blinks!
The phantom hits your water moccasin skeleton.
The phantom blinks!
Your water moccasin skeleton blinks!
r - 3 bubbling purple potions (gained 2)
Found a stone staircase leading up.
A hound comes into view.
A gnoll comes into view. It is wielding a +0 spear.
The hound barks!
You hear a shout!
A gnoll comes into view. It is wielding a +0 spear.
The gnoll shouts!
A gnoll sergeant comes into view. It is wielding a +0 spear of pain.
The gnoll shouts!
The gnoll sergeant shouts!
You hear a shout!
A gnoll comes into view. It is wielding a +0 whip.
Your water moccasin skeleton dissolves into shadows!
A gnoll comes into view. It is wielding a +0 spear.
The hound bites you.
* * * LOW HITPOINT WARNING * * *
The gnoll hits you from afar with a +0 spear.
* * * LOW HITPOINT WARNING * * *
The gnoll barely misses you.
A gnoll comes into view. It is wielding a +0 flail.
The hound bites you.
* * * LOW HITPOINT WARNING * * *
There is a stone staircase leading up, spattered with blood here.
The gnoll sergeant hits you from afar with a +0 spear of pain!
You die...

........##...........
........#...........#
#...##.Z##.........##
...###..............#
........###.....#..##
....#.#####.....#...#
....#. #...........##
....#. #..#.........#
......
#...#...h@....# ..
##.............#
......gg..g.....
.........##......
........## #gg...
##.....## #....
.....g .... ..... ...


You could see a gnoll sergeant, a hound and 5 gnolls.

Vanquished Creatures
  Sigmund (D:4)
  Blork the orc (D:4)
  A bullfrog (D:3)
  2 jellies
  A hound (D:4)
  2 iguanas
  An adder (D:2)
  A howler monkey skeleton (D:4)
  An adder skeleton (D:4)
  2 worms
  5 dart slugs
  2 orcs
  3 endoplasms
  A giant cockroach (D:2)
  2 goblins
  2 hobgoblins
  11 jackals
  4 kobolds
  5 quokkas
  5 ball pythons
  2 bats
  2 frilled lizards
  4 rats
61 creatures vanquished.

Vanquished Creatures (others)
  2 fungi (D:1)
2 creatures vanquished.

Grand Total: 63 creatures vanquished

Notes
Turn   | Place    | Note
-------+----------+-------------------------------------------
     0 | D:1      | freelancePsychic the Gnoll Wanderer began the quest for the
                  | Orb.
     0 | D:1      | freelancePsychic set off with the following items: a +0
                  | dagger, a potion of curing {@q1}, a +0 robe; and the
                  | following spell memorised: Freeze; and the following spells
                  | available to memorise: Frozen Ramparts, Ozocubu's Armour,
                  | Hailstorm, Metabolic Englaciation
     0 | D:1      | Reached XP level 1. HP: 20/20 MP: 6/6
   234 | D:1      | Reached XP level 2. HP: 7/26 MP: 2/7
   248 | D:1      | HP: 1/26 [dart slug/slug dart (2)]
   725 | D:1      | Found Ytouqo's General Store.
   814 | D:1      | Found a faded altar of an unknown god.
  1479 | D:2      | Reached XP level 3. HP: 26/31 MP: 9/9
  1488 | D:2      | Reached skill level 5 in Spellcasting
  1936 | D:2      | Reached skill level 1 in Invocations
  2301 | D:2      | Reached skill level 1 in Short Blades
  2301 | D:2      | Reached skill level 1 in Long Blades
  2301 | D:2      | Reached skill level 1 in Axes
  2301 | D:2      | Reached skill level 1 in Maces & Flails
  2301 | D:2      | Reached skill level 1 in Staves
  2301 | D:2      | Reached skill level 1 in Slings
  2301 | D:2      | Reached skill level 1 in Bows
  2301 | D:2      | Reached skill level 1 in Crossbows
  2301 | D:2      | Reached skill level 1 in Throwing
  2301 | D:2      | Reached skill level 1 in Armour
  2301 | D:2      | Reached skill level 1 in Stealth
  2301 | D:2      | Reached skill level 1 in Unarmed Combat
  2509 | D:3      | Reached XP level 4. HP: 11/38 MP: 1/11
  3457 | D:3      | Found a burning altar of Makhleb.
  3462 | D:3      | Noticed an Executioner
  3465 | D:3      | Found a glowing silver altar of Zin.
  3465 | D:3      | Noticed an angel
  3743 | D:4      | Noticed Blork the orc
  3743 | D:4      | Noticed a bullfrog
  3753 | D:3      | Killed a bullfrog
  3754 | D:3      | Reached skill level 1 in Conjurations
  3754 | D:3      | Reached skill level 1 in Hexes
  3754 | D:3      | Reached skill level 1 in Summonings
  3754 | D:3      | Reached skill level 1 in Necromancy
  3754 | D:3      | Reached skill level 1 in Translocations
  3754 | D:3      | Reached skill level 1 in Transmutations
  3754 | D:3      | Reached skill level 1 in Fire Magic
  3754 | D:3      | Reached skill level 1 in Air Magic
  3754 | D:3      | Reached skill level 1 in Earth Magic
  3754 | D:3      | Reached skill level 1 in Poison Magic
  3754 | D:3      | Reached XP level 5. HP: 28/43 MP: 4/12
  3905 | D:4      | Found a staircase to the Ecumenical Temple.
  4038 | D:2      | Learned a level 3 spell: Frozen Ramparts
  4457 | Temple   | Entered the Ecumenical Temple
  4674 | D:4      | Killed Blork the orc
  4675 | D:4      | Reached XP level 6. HP: 14/50 MP: 3/14
  4952 | D:4      | Reached skill level 5 in Fighting
  4952 | D:4      | Reached skill level 5 in Dodging
  5362 | D:4      | Noticed Sigmund
  5485 | D:4      | Killed Sigmund
  5486 | D:4      | Reached XP level 7. HP: 39/56 MP: 9/15
  5658 | D:5      | Entered Level 5 of the Dungeon
  5936 | D:5      | Mangled by a gnoll sergeant

Illustrated notes

Levels and vault maps discovered:
D:1:      dpeg_arrival_refuge, layout_basic, shapermc_ecumenical_altar_gd,
          serial_shops, shop_statue, kennysheep_minor_cross
D:2:      layout_loops_ring, kennysheep_generic_room_14
D:3:      layout_basic, grunt_temple_overflow_order_and_chaos_2, hex_medium
D:4:      layout_rooms, minmay_temple_entry_junction, uniq_blork_the_orc,
          uniq_sigmund
D:5:      layout_cave_pools, serial_gnoll_camp, gnoll_camp_mini_loothouse,
          gnoll_camp_mini_hut, gnoll_camp_mini_sergeant, gnoll_camp_mini_hut,
          gnoll_camp_huts_basic, gnoll_camp_mini_doghouse
Temple:   eino_temple_scatter_basement

Skill      XL: |  1  2  3  4  5  6 |
---------------+-------------------+-----
Ice Magic      | 2 |  2.9
Spellcasting   | 5 |  5.5
Invocations    | 1 2 |  2.6
Short Blades   | 1 2 |  2.3
Long Blades    | 1 2 |  2.3
Axes           | 1 2 |  2.3
Maces & Flails | 1 2 |  2.3
Staves         | 1 2 |  2.3
Slings         | 1 2 |  2.3
Bows           | 1 2 |  2.3
Crossbows      | 1 2 |  2.3
Throwing       | 1 2 |  2.3
Armour         | 1 2 |  2.3
Stealth        | 1 2 |  2.3
Unarmed Combat | 1 2 |  2.3
Conjurations   | 1 |  1.9
Hexes          | 1 |  1.9
Summonings     | 1 |  1.9
Necromancy     | 1 |  1.9
Translocations | 1 |  1.9
Transmutations | 1 |  1.9
Fire Magic     | 1 |  1.9
Air Magic      | 1 |  1.9
Earth Magic    | 1 |  1.9
Poison Magic   | 1 |  1.9
Polearms       | 3 |  3.5
Shields        | 3 |  3.5
Evocations     | 3 |  3.5
Fighting       | 5 |  5.2
Dodging        | 5 |  5.2

Action                   |  1- 3 |  4- 6 |  7- 9 || total
-------------------------+-------+-------+-------++-------
Melee: Broad axe         |    87 |    56 |    18 ||   161
       Dagger            |     2 |       |       ||     2
       Bite              |     7 |     5 |     1 ||    13
       Punch             |       |     1 |       ||     1
 Cast: Freeze            |    23 |    19 |       ||    42
       Frozen Ramparts   |       |     8 |     3 ||    11
  Use: Scroll            |     2 |     2 |     1 ||     5
       Potion            |       |     1 |       ||     1
 Stab: Sleeping          |     2 |     2 |       ||     4
Armor: Robe              |    22 |    11 |       ||    33
Dodge: Dodged            |    85 |    70 |    15 ||   170
Block: Buckler           |     8 |     5 |       ||    13

Table legend: (Time is in decaauts)
 A = Elapsed time spent in this place.
 B = Non-inter-level travel time spent in this place.
 C = Inter-level travel time spent in this place.
 D = Time resting spent in this place.
 E = Time spent auto-exploring this place.
 F = Levels seen in this place.
 G = Mean time per level.
                   A        B        C        D        E       F      G
               +--------+--------+--------+--------+--------+-----+--------+
         Total |   6029 |   5777 |    252 |   1160 |   3784 |   6 | 1004.8 |
       Dungeon |   5822 |   5583 |    239 |   1160 |   3616 |   5 | 1164.4 |
        Temple |    206 |    193 |     13 |      0 |    168 |   1 |  206.0 |
               +--------+--------+--------+--------+--------+-----+--------+

Top non-repeatable levels by time:
     D:3: 1894 daAuts
     D:2: 1538 daAuts
     D:4: 1057 daAuts
     D:1: 1046 daAuts
     D:5: 285 daAuts
  Temple: 206 daAuts
